 Dungeon Crawl Stone Soup version 0.19-a0-1831-gd4c818f (webtiles) character file.

678 Naow the Cleaver (level 7, -1/87 HPs)
             Began as a Minotaur Berserker on Oct 8, 2016.
             Was a Believer of Trog.
             Slain by a troll (6 damage)
             ... on level 7 of the Dungeon.
             The game lasted 00:04:52 (2678 turns).

Naow the Cleaver (Minotaur Berserker)               Turns: 2678, Time: 00:04:53

Health: -1/87      AC:  2    Str: 26    XL:     7   Next: 34%
Magic:  6/6        EV: 12    Int:  6    God:    Trog [**....]
Gold:   239        SH:  0    Dex: 10    Spells: 0 memorised, 6 levels left

rFire  . . .     SeeInvis .     a - +0 hand axe
rCold  . . .     Gourm    .     b - +0 animal skin
rNeg   . . .     Faith    .     (no shield)
rPois  .         Spirit   .     (helmet restricted)
rElec  .         Dismiss  .     (no cloak)
rCorr  .         Reflect  .     (no gloves)
MR     .....     Harm     .     (no boots)
Stlth  ..........               (no amulet)
                                (no ring)
                                (no ring)

@: berserking, very quick
A: retaliatory headbutt, horns 2
a: Berserk, Trog's Hand, Burn Spellbooks, Renounce Religion


You were on level 7 of the Dungeon.
You worshipped Trog.
Trog was pleased with you.
You were very hungry.

You visited 1 branch of the dungeon, and saw 5 of its levels.

You collected 239 gold pieces.

Inventory:

Hand Weapons
 a - a +0 hand axe (weapon)
Armour
 b - a +0 animal skin (worn)
Jewellery
 f - a cursed ring of loudness {unknown}
 i - a +5 ring of dexterity {unknown}
 m - a cursed ring of teleportation {unknown}
 q - an uncursed ring of protection from cold {unknown}
Wands
 t - a wand of acid (8/15)
Scrolls
 d - a scroll of noise {unknown}
 j - 2 scrolls of teleportation {unknown}
 k - 2 scrolls of amnesia {unknown}
 l - a scroll of fear {unknown}
 p - a scroll of random uselessness {unknown}
 r - 6 scrolls of identify {unknown}
 u - 2 scrolls of fog {unknown}
Potions
 e - 2 potions of might
 g - a potion of curing {unknown}
 n - a potion of degeneration {unknown}
Comestibles
 c - 3 bread rations
 h - a meat ration
 o - 3 chunks of flesh
 s - 2 royal jellies


   Skills:
 - Level 3.8 Fighting
 + Level 10.0 Axes
 - Level 2.5 Armour
 - Level 2.5 Dodging


You had 6 spell levels left.
You didn't know any spells.

Dungeon Overview and Level Annotations

Branches:
Dungeon (4/15)
 Temple: D:4-7

Altars:


Innate Abilities, Weirdness & Mutations

You reflexively headbutt those who attack you in melee.
You have a pair of horns on your head.


Message History

The troll is moderately wounded.
You hit the troll.
The troll is moderately wounded.
The troll bites you.
* * * LOW HITPOINT WARNING * * *
The troll barely misses you. The troll claws you.
* * * LOW HITPOINT WARNING * * *
You slash the troll!
The troll is heavily wounded.
The troll bites you!
* * * LOW HITPOINT WARNING * * *
The troll claws you!
* * * LOW HITPOINT WARNING * * *
The troll barely misses you.
You hit the troll.
The troll is severely wounded.
You hit the troll.
The troll is severely wounded.
The troll bites you.
You die...

### ..# #.# #
#.#
#...#####.##
......T@...#
....#####..# #
#..# #..# #..#
#..##
#...##########
#.#..........#
#..<.#######.#


You could see a troll.

Vanquished Creatures
  A sky beast (D:7)
  An ice beast (D:4)
  3 bullfrogs
  A hound (D:4)
  Natasha (thrice) (D:4)
  2 worker ants (D:4)
  A hound skeleton (D:4)
  7 adders
  A shadow imp (D:7)
  3 dart slugs
  3 leopard geckos
  An orc (D:3)
  3 bats
  2 giant cockroaches
  12 goblins
  2 hobgoblins
  4 jackals (D:1)
  8 kobolds
  A quokka (D:4)
  2 frilled lizards
  4 rats
65 creatures vanquished.

Notes
Turn   | Place    | Note
-------+----------+-------------------------------------------
     0 | D:1      | Naow the Minotaur Berserker began the quest for the Orb.
     0 | D:1      | Reached XP level 1. HP: 19/19 MP: 0/0
   124 | D:1      | Reached XP level 2. HP: 26/27 MP: 1/1
   188 | D:1      | Reached skill level 4 in Axes
   694 | D:2      | Reached XP level 3. HP: 33/33 MP: 2/2
   738 | D:2      | Reached ** piety under Trog
   738 | D:2      | Reached skill level 5 in Axes
  1450 | D:3      | Reached XP level 4. HP: 34/40 MP: 3/3
  1890 | D:4      | Noticed Natasha
  1905 | D:4      | Killed Natasha
  1905 | D:4      | Reached skill level 6 in Axes
  2017 | D:4      | Reached XP level 5. HP: 16/46 MP: 4/4
  2020 | D:4      | Reached skill level 7 in Axes
  2068 | D:4      | Noticed Natasha
  2075 | D:4      | Killed Natasha
  2093 | D:4      | Noticed Natasha
  2098 | D:4      | Killed Natasha
  2191 | D:4      | Noticed an ice beast
  2202 | D:4      | Reached skill level 8 in Axes
  2202 | D:4      | Reached XP level 6. HP: 31/52 MP: 5/5
  2205 | D:4      | Killed an ice beast
  2230 | D:4      | HP: 2/52 [poisoned by an adder]
  2501 | D:4      | You fall through a shaft for 3 floors!
  2511 | D:7      | Reached skill level 9 in Axes
  2576 | D:7      | Noticed a sky beast
  2583 | D:7      | Reached XP level 7. HP: 56/58 MP: 6/6
  2589 | D:7      | Reached skill level 10 in Axes
  2668 | D:7      | Noticed a troll
  2678 | D:7      | Slain by a troll

Vault maps used:
D:1:      saegor_arrival_simple_c
D:2:      minmay_surrounded
D:3:      first_bread
D:4:      portal_sewer_entry_f, serial_bayou, serial_bayou_crossing,
          serial_bayou_pond_b, serial_bayou_lake_a, serial_bayou_shore_b,
          uniq_natasha
D:7:      nicolae_overflow_hidden_temple, uniq_crazy_yiuf_cottage

Skill      XL: |  1  2  3  4  5  6  7 |
---------------+----------------------+-----
Axes           | 4 5 6 8 9 10 | 10.0
Fighting       | |  3.8
Armour         | |  2.5
Dodging        | |  2.5

Action                   |  1- 3 |  4- 6 |  7- 9 || total
-------------------------+-------+-------+-------++-------
Melee: Hand axe          |    71 |    87 |    15 ||   173
       Headbutt          |     6 |     9 |     2 ||    17
Invok: Berserk           |       |     5 |     1 ||     6
       Trog's Hand       |       |     2 |       ||     2
 Stab: Sleeping          |     1 |       |       ||     1
  Eat: Chunk             |     2 |     6 |     1 ||     9
       Pizza             |       |     1 |       ||     1
Armor: Animal skin       |    24 |    11 |     1 ||    36
Dodge: Dodged            |    58 |    43 |     6 ||   107
